cohdb
Replays
Latest Replays
All Replays
Popular Replays
Top Player Replays
Match Explorer
How It Works
Community
CoH3 Stats
Reddit
Sign in to upload your games and track your stats! →
Sign in with Steam
Match 46098103
Unlisted
Match 46098103
Overview
Messages
Build Orders
End
Construct Section Command Post
Selects Australian Defense Battlegroup
Selects Australian Light Infantry Section
Infantry Section
Infantry Section
Grenade Package
ML 3-inch Mortar Team
Australian Light Infantry Section
Construct Platoon Command Post
CMP 15cwt Truck
6-pounder Anti-tank Gun Team
Axel_vr
Chocolatinososo
buschdoctorv
Vyn20
Krazykasualties
CallMeStrange
SAMIUR
Kray-Tos
0
0
Comments
sign in to comment!
No comments posted yet!